 Dungeon Crawl Stone Soup version 0.15-a0-1403-g2cecdf4 (webtiles) character file.

57 Amnesiac the Vexing (level 3, -1/19 HPs)
             Began as a Deep Elf Enchanter on June 11, 2014.
             Slain by an orc wizard
             ... wielding a +0,+2 spear
              (2 damage)
             ... on Level 3 of the Dungeon.
             The game lasted 00:04:57 (1479 turns).

Amnesiac the Vexing (Deep Elf Enchanter)            Turns: 1479, Time: 00:04:57

HP  -1/19        AC  3     Str  5      XL: 3   Next: 73%
MP   0/10        EV 12     Int 19      God:
Gold 69          SH  0     Dex 13      Spells:  3 memorised,  2 levels left

rFire  . . .     SeeInvis .     a - +1 dagger
rCold  . . .     Clarity  .     b - +1 robe
rNeg   . . .     rCorr    .     (no shield)
rPois  .         rRot     .     (no helmet)
rElec  .         Spirit   .     (no cloak)
SustAb .         Warding  .     (no gloves)
rMut   .         Stasis   .     (no boots)
Gourm  .                        (no amulet)
MR     .....                    (no ring)
                                g - cursed -3 ring of dexterity

@: very slightly contaminated, not resistant to hostile enchantments, unstealthy
A: no striking features
a: no special abilities


You were on level 3 of the Dungeon.
You were hungry.

You visited 1 branch of the dungeon, and saw 3 of its levels.

You collected 69 gold pieces.

Inventory:

Hand weapons
 a - a +1,+1 dagger (weapon)
 f - a cursed +0,-3 dagger
Missiles
 k - 2 javelins (quivered)
Armour
 b - a +1 robe (worn)
 h - a +1 large shield of protection
Comestibles
 d - a bread ration
 j - a meat ration
 t - a chunk of orc flesh
Scrolls
 e - 4 scrolls of identify
 l - a scroll of amnesia {unknown}
 n - a scroll of teleportation {unknown}
 o - a scroll of remove curse {unknown}
 r - a scroll of magic mapping {unknown}
Jewellery
 g - a cursed -3 ring of dexterity (left hand)
Potions
 i - a potion of might
 m - a potion of brilliance
 p - a potion of magic {unknown}
 q - a potion of heal wounds {unknown}
 s - a potion of poison {unknown}
Books
 c - a book of Maledictions

   Spells                             Type                      Level
   *Corona                            Hexes                        1
   Sure Blade                         Hexes/Charms                 2
   *Ensorcelled Hibernation           Hexes/Ice                    2
   Confuse                            Hexes                        3
   *Dazzling Spray                    Conjuration/Hexes            3
   Enslavement                        Hexes                        4


   Skills:
 + Level 3.4 Short Blades
 - Level 2.4 Dodging
 - Level 4.0 Stealth
 - Level 3.0 Spellcasting
 - Level 4.0 Hexes


You had 2 spell levels left.
You knew the following spells:

 Your Spells              Type           Power        Failure   Level  Hunger
a - Corona                Hex            ###....      3%          1    None
e - Dazzling Spray        Conj/Hex       ##......     21%         3    ###....
z - Ensorcelled Hibernat  Hex/Ice        ##....       12%         2    ##.....


Dungeon Overview and Level Annotations

Branches:
Dungeon (3/15)

Altars:

Annotations:
D:2 Jessica


Message History

The orc wizard is moderately wounded.
The orc wizard completely misses you.
You hit the orc wizard.
The orc wizard is heavily wounded.
The orc wizard is no longer blind.
The orc wizard hits you with a spear.
* * * LOW HITPOINT WARNING * * *
Drink which item? (? for menu, Esc to quit)
Okay, then.
Casting: Dazzling Spray
Confirm with . or Enter, or press ? or * to list all spells.
Aiming: Dazzling Spray
Press: ? - help, Shift-Dir - straight line, f/p - orc wizard
Aim: an orc wizard, wielding a spear and wearing a robe (heavily wounded)
The spray of energy hits the orc wizard.
The orc wizard is almost dead.
The orc wizard is dazzled.
The orc wizard barely misses you.
You closely miss the orc wizard.
The orc wizard is almost dead.
The orc wizard hits you with a spear.
You die...

## #.#.#.# #...
...#####$....######...
..[....#...............
........................
........#....#..........
.....#..##...########...
..............# #...
#####.#.###.o# ###...
#@###..# #.)...
#.o....### #.#...
#####.##.####.#...
#.#.#.........
..######.##.###o..###
.......).o...##.#....
.(####.####o......... #.
#o..##..... #
........#.#


You could see an orc wizard (blind).

Vanquished Creatures
  A giant gecko (D:1)
  An ooze (D:2)
  3 orcs (D:3)
  5 bats (D:1)
  5 goblins
  5 hobgoblins
  9 kobolds
  A ball python (D:1)
  4 giant cockroaches
  5 giant newts
  3 jackals (D:1)
  9 rats
51 creatures vanquished.

Notes
Turn   | Place    | Note
--------------------------------------------------------------
     0 | D:1      | Amnesiac, the Deep Elf Enchanter, began the quest for the Orb.
     0 | D:1      | Reached XP level 1. HP: 10/10 MP: 5/5
   206 | D:1      | Reached XP level 2. HP: 13/15 MP: 6/8
   210 | D:1      | Learned a level 2 spell: Ensorcelled Hibernation
   692 | D:1      | Reached XP level 3. HP: 19/19 MP: 1/10
   697 | D:1      | Learned a level 3 spell: Dazzling Spray
  1281 | D:2      | Noticed Jessica
  1479 | D:3      | Slain by an orc wizard

Action                   || total
-------------------------++-------
Melee: Dagger            ||   115
 Cast: Corona            ||     6
       Ensorcelled Hiber ||    39
       Dazzling Spray    ||     2
  Use: Scroll            ||     2
 Stab: Sleeping          ||    33
